 Dungeon Crawl Stone Soup version 0.30.0-29-ga12c61a403 (webtiles) character file.

Game seed: 7330019466896696959

857 seaoflcl the Trooper (level 7, -17/62 HPs)
             Began as a Minotaur Fighter on June 9, 2023.
             Was an Initiate of Okawaru.
             Demolished by a gnoll bouda
             ... wielding a +0 spear
              (25 damage)
             ... on level 5 of the Dungeon.
             The game lasted 00:04:39 (3910 turns).

seaoflcl the Trooper (Minotaur Fighter)             Turns: 3910, Time: 00:04:39

Health: -17/62     AC: 10    Str: 23    XL:     7   Next: 70%
Magic:  0/6        EV:  2    Int:  5    God:    Okawaru [......]
Gold:   157        SH:  0    Dex:  9    Spells: 6/6 levels left

rFire   . . .        w - +5 mace (heavy)
rCold   . . .        v - +0 kite shield
rNeg    . . .        B - +0 chain mail
rPois   .            (helmet restricted)
rElec   .            (no cloak)
rCorr   .            (no gloves)
SInv    .            (no boots)
Will    .....        q - amulet of guardian spirit Stlth
                     e - ring of flight
HPRegen 0.30/turn    (no ring)
MPRegen 0.10/turn

%: guardian spirit
@: mighty, sleeping, flying
A: horns 2, retaliatory headbutt
a: Renounce Religion


You were on level 5 of the Dungeon.
You worshipped Okawaru.
Okawaru was noncommittal.
You visited 2 branches of the dungeon, and saw 6 of its levels.

You collected 157 gold pieces.

Inventory:

Hand Weapons
 a - a +0 war axe
 l - a +2 short sword of speed
 w - a +5 heavy mace (weapon)
Missiles
 p - 3 javelins (quivered)
 r - 4 poisoned darts
Armour
 v - a +0 kite shield (worn)
 B - a +0 chain mail (worn)
Jewellery
 e - a ring of flight (left hand)
 q - an amulet of guardian spirit (around neck)
 y - a ring of fire
Scrolls
 c - a scroll of brand weapon {unknown}
 f - a scroll of enchant armour {unknown}
 g - 3 scrolls of identify {unknown}
 i - a scroll of amnesia {unknown}
 j - 3 scrolls of fog {unknown}
 n - a scroll of blinking {unknown}
 o - a scroll of vulnerability {unknown}
 s - a scroll of immolation {unknown}
 A - a scroll of teleportation {unknown}
Potions
 h - 2 potions of heal wounds {unknown}
 k - a potion of cancellation {unknown}
 m - a potion of brilliance {unknown}
 t - a potion of attraction {unknown}
 u - a potion of invisibility {unknown}
 x - a potion of ambrosia {unknown}
 z - a potion of degeneration {unknown}


   Skills:
 + Level 5.7 Fighting
 - Level 4.3(5.4) Axes
 * Level 4.9(5.7) Maces & Flails
 + Level 2.5 Throwing
 + Level 5.6 Armour
 + Level 5.6 Shields


You had 6 spell levels left.
You didn't know any spells.
Your spell library contained the following spells:

 Spells                   Type           Power      Damage    Failure   Level
 Stone Arrow              Conj/Erth      0%         3d7       100%        3
 Lehudib's Crystal Spear  Conj/Erth      0%         10d2      100%        8
 Animate Armour           Summ/Erth      Unusable   N/A       N/A         4

Dungeon Overview and Level Annotations

Branches:
Dungeon (5/15)             Temple (1/1) D:5

Altars:
Ashenzari
Cheibriados
Dithmenos
Elyvilon
Fedhas
Gozag
Hepliaklqana
Kikubaaqudgha
Makhleb
Nemelex Xobeh
Okawaru
Qazlal
Ru
Trog
Wu Jian
Xom
Yredelemnul
Zin
The Shining One

Shops:
D:1 !   D:3 *

Annotations:
D:4 1 runed translucent door, Crazy Yiuf


Innate Abilities, Weirdness & Mutations

You have a pair of horns on your head.
You reflexively headbutt those who attack you in melee.


Message History

The adder bites you but does no damage.
The sleepcap releases spores at you but does no damage.
The gnoll bouda hits you with a +0 spear!
The worm bites you but does no damage.
The gnoll bouda hits you from afar with a +0 spear.
The adder bites you but does no damage. The gnoll attacks as you move away!
You block the gnoll's attack.
The gnoll is no longer moving quickly.
The gnoll bouda hits you from afar with a +0 spear!
You closely miss the gnoll. The gnoll hits you but does no damage.
The gnoll hits you with a +0 club.
The gnoll bouda hits you but does no damage.
You completely miss the gnoll. You block the gnoll's attack.
The sleepcap barely misses you.
The gnoll bouda hits you from afar with a +0 spear.
The gnoll barely misses you.
You sock the gnoll! Your headbutt misses the gnoll.
The gnoll is almost dead.
The sleepcap releases spores at you but does no damage.
The gnoll bouda hits you from afar with a +0 spear!
* * * LOW HITPOINT WARNING * * *
The gnoll hits you with a +0 club.
* * * LOW HITPOINT WARNING * * *
The gnoll bouda hits you but does no damage.
You block the sleepcap's attack.
You feel very mighty all of a sudden. The gnoll hits you but does no damage.
The sleepcap releases spores at you but does no damage.
The gnoll bouda barks out a call to the hunt!
The gnoll picks up the pace!
You barely miss the gnoll.
The gnoll is almost dead.
The gnoll hits you with a +0 club.
* * * LOW HITPOINT WARNING * * *
The sleepcap releases spores at you.
* * * LOW HITPOINT WARNING * * *
You are engulfed in a cloud of soporific spores!
You fall asleep.
The gnoll bouda hits you from afar with a +0 spear!!
You die...

.........#.# #.# .......
..###.....<# #.# .......
...#...##### #.# .......
...#..#########.## ......
.#...## #).......# ....#
.#.#.# #........####..|.#
.#...# #......[.##..)..:#.#
...### #........##g.......#
.#+######.......@#..w...####
........#.......fgg.....#
........#.........#.....#
........#............)###
........†)........###.#
#########.........# .#
#.###.....# .# #.#.......#
.# #.+..>....###.#


You could see a sleepcap, a gnoll bouda and a gnoll (swift).

Vanquished Creatures
  Sigmund (D:3)
  Menkaure (D:4)
  An ice beast (D:4)
  A black bear (D:4)
  Terence (D:3)
  3 iguanas (D:4)
  An orc wizard (D:4)
  Robin (D:3)
  5 gnolls
  11 adders
  An ufetubus (D:5)
  5 worms
  2 dart slugs
  4 orcs
  6 ball pythons
  4 endoplasms
  A giant cockroach (D:4)
  17 goblins
  7 hobgoblins
  4 jackals (D:4)
  3 quokkas
  4 bats
  4 frilled lizards
  5 kobolds
  11 rats
104 creatures vanquished.

Notes
Turn   | Place    | Note
-------+----------+-------------------------------------------
     0 | D:1      | seaoflcl the Minotaur Fighter began the quest for the Orb.
     0 | D:1      | Reached XP level 1. HP: 19/19 MP: 0/0
   204 | D:1      | Reached XP level 2. HP: 27/27 MP: 1/1
   303 | D:1      | Found Xomithio's Distillery.
   744 | D:2      | Reached XP level 3. HP: 21/33 MP: 2/2
   945 | D:2      | Reached XP level 4. HP: 27/40 MP: 3/3
  1156 | D:2      | Found a faded altar of an unknown god.
  1572 | D:3      | Found Jisy's General Store.
  1601 | D:3      | Noticed Robin
  1609 | D:3      | Killed Robin
  1683 | D:3      | Noticed Sigmund
  1684 | D:3      | Noticed Terence
  1688 | D:3      | Killed Sigmund
  1689 | D:3      | Reached skill level 1 in Throwing
  1689 | D:3      | Reached XP level 5. HP: 31/47 MP: 4/4
  1689 | D:3      | Reached XP level 6. HP: 37/55 MP: 5/5
  1693 | D:3      | Killed Terence
  2074 | D:4      | Noticed Menkaure
  2079 | D:4      | Killed Menkaure
  2080 | D:4      | Reached skill level 5 in Fighting
  2080 | D:4      | Reached skill level 5 in Armour
  2080 | D:4      | Reached skill level 5 in Shields
  2862 | D:4      | Found a broken altar of Ashenzari.
  2875 | D:4      | Found an ornate altar of the Wu Jian Council.
  2911 | D:4      | Reached XP level 7. HP: 61/61 MP: 6/6
  3384 | D:4      | Found a runed translucent door.
  3385 | D:4      | Noticed Crazy Yiuf
  3662 | D:5      | Entered Level 5 of the Dungeon
  3662 | D:5      | Found a staircase to the Ecumenical Temple.
  3676 | Temple   | Entered the Ecumenical Temple
  3735 | Temple   | Became a worshipper of Warmaster Okawaru
  3770 | D:5      | Found a hazy altar of Hepliaklqana.
  3772 | D:5      | Found a shadowy altar of Dithmenos.
  3773 | D:5      | Noticed a shadow
  3910 | D:5      | Demolished by a gnoll bouda

Illustrated notes

Levels and vault maps discovered:
D:1:      evilmike_arrival_plus, layout_basic, serial_shops,
          nicolae_shop_hallway_plus
D:2:      layout_rooms, hellmonk_ecumenical_altar_run_dry
D:3:      layout_loops_ring, serial_shops, shop, chequers_serial_rivers_micro_e,
          uniq_terence, uniq_sigmund, uniq_robin
D:4:      layout_cave_pods, pdpol_wu_jian_five_deadly_venoms, ashenzari_altar_1,
          kennysheep_generic_room_5, uniq_crazy_yiuf_cottage, uniq_menkaure
D:5:      layout_basic, riverfiend_overflow_shadow_ancestor,
          minmay_temple_entry_tees, serial_shops, shop
Temple:   eino_wide_crystal_templ

Skill      XL: |  1  2  3  4  5  6  7 |
---------------+----------------------+-----
Axes           | 3 4 |  4.3
Fighting       | 4 5 |  5.7
Armour         | 4 5 |  5.6
Shields        | 4 5 |  5.6
Maces & Flails | 2 3 4 |  4.9
Throwing       | 1 2 |  2.5

Action                     |  1- 3 |  4- 6 |  7- 9 || total
---------------------------+-------+-------+-------++-------
  Melee: War axe           |    68 |    62 |       ||   130
         Headbutt          |    12 |    14 |     6 ||    32
         Mace              |       |    48 |    47 ||    95
  Throw: Javelin           |       |     2 |       ||     2
    Use: Potion            |       |       |     1 ||     1
 Armour: Scale mail        |    38 |    50 |    21 ||   109
         Chain mail        |       |       |    17 ||    17
  Dodge: Dodged            |    32 |    50 |    35 ||   117
  Block: Buckler           |    15 |     7 |       ||    22
         Kite shield       |       |    55 |    35 ||    90
